 Dungeon Crawl Stone Soup version 0.17-a0-1663-gb806841 (webtiles) character file.

282 Edric the Skirmisher (level 6, -6/49 HPs)
             Began as a Formicid Abyssal Knight on Aug 17, 2015.
             Was an Elder of Lugonu.
             Mangled by porpoise's ghost (14 damage)
             ... on level 3 of the Dungeon.
             The game lasted 00:23:56 (5140 turns).

Edric the Skirmisher (Formicid Abyssal Knight)      Turns: 5140, Time: 00:23:56

Health: -6/49      AC:  9    Str: 19    XL:     6   Next: 53%
Magic:  7/7        EV:  8    Int: 11    God:    Lugonu [****..]
Gold:   121        SH:  8    Dex: 10    Spells: 0 memorised, 5 levels left

rFire  + . .     SeeInvis +     g - +1 short sword (freeze)
rCold  . . .     Clarity  .     e - +1 scale mail {rF+}
rNeg   . . .     SustAt   .     b - +0 shield
rPois  .         Gourm    +     (helmet unavailable)
rElec  .         Spirit   .     B - +0 cloak
rCorr  .         Warding  .     (no gloves)
rMut   .         Stasis   +     (no boots)
MR     .....                    y - amulet of the gourmand
Stlth  ..........               (no ring)
                                r - ring of wizardry

@: not resistant to hostile enchantments, extremely unstealthy
A: permanent stasis, dig shafts and tunnels, four strong arms, antennae 3
a: Dig, Shaft Self, Depart the Abyss, Bend Space, Banish, Corrupt, Renounce
Religion


You were on level 3 of the Dungeon.
You worshipped Lugonu.
Lugonu was greatly pleased with you.
You were very full.

You visited 1 branch of the dungeon, and saw 4 of its levels.
You visited the Abyss 1 time.

You collected 213 gold pieces.
You spent 92 gold pieces at shops.

Inventory:

Hand weapons
 a - a +1 hand axe (quivered)
 g - a +1 short sword of freezing (weapon)
Armour
 b - a +0 shield (worn)
 e - a +1 scale mail of fire resistance (worn)
 n - a +0 helmet
 B - a +0 cloak (worn)
Jewellery
 r - a ring of wizardry (left hand)
 y - an amulet of the gourmand (around neck)
 A - an uncursed amulet of resist corrosion {unknown}
Magical devices
 x - a wand of magic darts (31)
Scrolls
 f - 3 scrolls of fog
 i - a scroll of amnesia {unknown}
 j - 2 scrolls of identify
 l - a scroll of immolation {unknown}
 t - a scroll of fear {unknown}
 D - a scroll of remove curse
Potions
 h - a potion of heal wounds
 k - a potion of haste {unknown}
 o - a potion of might {unknown}
 p - a potion of magic {unknown}
 q - a potion of invisibility {unknown}
 s - a potion of brilliance {unknown}
 u - 2 potions of lignification {unknown}
 v - a potion of flight {unknown}
 w - a potion of degeneration {unknown}
 z - a potion of ambrosia {unknown}
 C - a potion of poison {unknown}
 E - 2 potions of mutation {unknown}
Comestibles
 c - 4 bread rations
 d - 3 fruits
 F - a meat ration


   Skills:
 + Level 4.7 Fighting
 + Level 1.4 Short Blades
 + Level 2.1 Axes
 + Level 3.5 Armour
 + Level 3.1 Dodging
 + Level 0.6 Stealth
 + Level 2.0 Shields
 + Level 2.2 Invocations


You had 5 spell levels left.
You didn't know any spells.

Dungeon Overview and Level Annotations

Branches:
Dungeon (4/15)
 Temple: D:4-7

Altars:
Fedhas
Sif Muna
Yredelemnul

Shops:
D:4 [

Annotations:
D:3 porpoise's ghost, average MiFi
D:4 porpoise's ghost, experienced FoBe


Innate Abilities, Weirdness & Mutations

You are under a permanent stasis effect.
You can dig through walls and to a lower floor.
Your four strong arms can wield two-handed weapons with a shield.
You have a pair of large antennae on your head (SInv).


Message History

Porpoise's ghost is lightly damaged.
You block porpoise's ghost's attack. Porpoise's ghost hits you!
* * * LOW HITPOINT WARNING * * *
There is a stone staircase leading down here.
Porpoise's ghost hits you!
* * * LOW HITPOINT WARNING * * *
You climb downwards.
Level annotation: porpoise's ghost, experienced FoBe Porpoise's ghost turns its malevolent gaze towards you.
Porpoise's ghost hits you but does no damage.
There is a stone staircase leading up here.
Porpoise's ghost hits you but does no damage.
You climb upwards.
Level annotation: porpoise's ghost, average MiFi Porpoise's ghost closely misses you.
There is a stone staircase leading down, spattered with blood here.
Porpoise's ghost says very slowly, "There's no hope."
Porpoise's ghost hits you!
You die...

#.########.# ## #.#
#.# #. #.# #.#
######. #.#
#.###...##. #.#
#.##.###... #.#
#.#.## ##.# #.#
#..#####.##
#.########..###..###
#..@......#.##.#..##
#...W..>......###..#
#.....###.###..#..#.
#..##.###.# ##...##.
#..#...##.# ######.
#...รท...#.# #.
#.........#########.
##..................
#.#..#.#''#)#..####


You could see porpoise's ghost.

Vanquished Creatures
  An orc priest (D:3)
  A hound (D:4)
  An orc wizard (D:3)
  A worker ant (D:4)
  4 adders
  A gnoll (D:3)
  2 oozes
  4 worms
  2 giant geckos
  6 orcs
  4 ball pythons
  6 giant cockroaches
  17 goblins
  12 hobgoblins
  8 jackals
  A quokka (D:3)
  7 bats
  A giant gecko skeleton (D:3)
  4 giant newts
  8 kobolds
  10 rats
101 creatures vanquished.

Notes
Turn   | Place    | Note
--------------------------------------------------------------
     0 | Abyss:1  | Edric the Formicid Abyssal Knight began the quest for the Orb.
     0 | Abyss:1  | Reached XP level 1. HP: 18/18 MP: 2/2
    11 | D:1      | Escaped the Abyss
   155 | D:1      | Reached skill level 1 in Dodging
   167 | D:1      | Reached XP level 2. HP: 16/24 MP: 3/3
   339 | D:1      | Reached skill level 4 in Fighting
   340 | D:1      | Acquired Lugonu's second power
   340 | D:1      | Reached XP level 3. HP: 7/30 MP: 4/4
  1495 | D:2      | Found a basalt altar of Yredelemnul.
  1496 | D:2      | Found a blossoming altar of Fedhas.
  1557 | D:2      | Reached XP level 4. HP: 23/37 MP: 5/5
  2590 | D:3      | Reached XP level 5. HP: 6/43 MP: 6/6
  2602 | D:2      | Acquired Lugonu's third power
  2884 | D:3      | Reached skill level 1 in Short Blades
  3171 | D:3      | Reached skill level 1 in Shields
  3324 | D:3      | Noticed porpoise's ghost (average MiFi)
  3796 | D:4      | Found Lasuas's Antique Armour Boutique.
  3805 | D:4      | Bought a glowing scale mail for 92 gold pieces
  3828 | D:4      | Found a deep blue altar of Sif Muna.
  4043 | D:4      | Reached XP level 6. HP: 43/49 MP: 7/7
  4330 | D:4      | Noticed porpoise's ghost (experienced FoBe)
  4874 | D:3      | Acquired Lugonu's fourth power
  5140 | D:3      | Mangled by porpoise's ghost

Vault maps used:
D:1:      dpeg_arrival_brainrot, nrook_loot_triangle
D:2:      minitemple
D:3:      minmay_mini_jars
D:4:      kennysheep_the_goblin_king, serial_shops, shop, first_bread,
          minivault_24, grunt_ministairs_3, dk_noncrumbling_3,
          corexii_checkpoint_b, lemuel_blue_sif_altar

Action                   |  1- 3 |  4- 6 || total
-------------------------+-------+-------++-------
Melee: Short sword       |   114 |   324 ||   438
       Hand axe          |     1 |       ||     1
  Use: Scroll            |       |    10 ||    10
  Eat: Chunk             |     1 |    20 ||    21
